AoeStats
← Element

Arena

509928582Analyzed
4v4 RM · 4d ago on Sep 28, 2026· 46m 4s· 8 players
Game mode
Random Map
Map size
Large (8 player)
Population
200
Speed
Normal
Resources
Standard
Victory
Conquest
Starting age
Dark Age
Ending age
Imperial Age
RankedLock teamsTeams togetherTeam positionsShared explorationLock speedFull tech treeHidden civsTurbo modeCheats
Victory
Defeat
🇺🇸 Teutons · United States
1414
+12
🇺🇸 Sicilians · United States
1333
+16
🇭🇰 Chinese · Hong Kong SAR China
1323
+16
🇺🇸 Italians · United States
1205
+22
🇦🇷 Bohemians · Argentina
1336
-17
🇦🇷 Burmese · Argentina
1335
-17
🇮🇹 Italians · Italy
1333
-17
🇩🇪 Persians · Germany
1290
-15
Kompromist
10:12 Feudal Age
13:40 Castle Age
12:22 Double-Bit Axe
12:53 Loom
12:51 Horse Collar
22:00 Heavy Plow
24:44 Wheelbarrow
23:54 Town Watch
24:57 Stone Mining
24:58 Gold Mining
26:05 Husbandry
26:15 Bloodlines
27:14 Bow Saw
31:55 Imperial Age
29:54 Forging
29:49 Scale Barding Armor
32:08 Iron Casting
31:49 Fletching
32:01 Padded Archer Armor
32:41 Kamandaran
32:39 Cavalier
33:58 Cavalier
Element
10:33 Feudal Age
11:06 Loom
14:59 Castle Age
13:16 Horse Collar
16:33 Fletching
29:10 Fortified Wall
33:03 Imperial Age
31:12 Wheelbarrow
30:43 Squires
30:29 Arson
31:01 Scale Mail Armor
31:38 Pikeman
32:32 Scale Barding Armor
32:41 Forging
32:46 Chain Mail Armor
35:16 Plate Mail Armor
36:10 Iron Casting
39:38 Blast Furnace
38:57 Gambesons
40:09 Hand Cart
39:57 Halberdier
43:07 Scale Barding Armor
Vinci_PL
10:42 Feudal Age
14:33 Castle Age
13:43 Loom
19:28 Imperial Age
17:17 Double-Bit Axe
19:55 Chemistry
28:09 Wheelbarrow
28:38 Bow Saw
28:44 Fervor
28:57 Sanctity
30:17 Hand Cart
32:42 Town Watch
32:30 Pikeman
33:27 Scale Mail Armor
33:21 Horse Collar
33:29 Halberdier
34:10 Squires
37:52 Chain Mail Armor
38:49 Forging
40:00 Plate Mail Armor
39:37 Heavy Plow
41:10 Padded Archer Armor
44:19 Leather Archer Armor
44:39 Iron Casting
Jac
0:26 Loom
10:18 Feudal Age
14:20 Castle Age
12:57 Double-Bit Axe
12:55 Horse Collar
13:38 Gold Mining
14:19 Stone Mining
25:16 Fletching
31:22 Imperial Age
29:29 Ballistics
29:11 Padded Archer Armor
31:19 Bodkin Arrow
31:40 Leather Archer Armor
31:38 Murder Holes
32:04 Bracer
33:08 Chemistry
32:55 Masonry
34:29 Ring Archer Armor
33:59 Scale Mail Armor
34:10 Forging
34:56 Conscription
35:36 Architecture
37:54 Iron Casting
37:34 Chain Mail Armor
39:38 Blast Furnace
38:41 Squires
38:26 Arson
38:15 Elite Skirmisher
39:45 Stone Shaft Mining
40:26 Plate Mail Armor
41:04 Scale Barding Armor
41:24 Treadmill Crane
42:46 Elite Genoese Crossbowman
Sir Psychus
10:34 Feudal Age
14:37 Castle Age
12:59 Double-Bit Axe
13:28 Horse Collar
15:54 Bow Saw
16:00 Loom
19:13 Stone Mining
21:23 Heavy Plow
22:49 Scale Mail Armor
24:39 Gold Mining
25:45 Wheelbarrow
25:51 Chain Mail Armor
26:16 Pikeman
27:28 Town Watch
28:03 Hand Cart
28:57 Squires
32:38 Imperial Age
31:10 Forging
31:45 First Crusade
32:40 Iron Casting
32:56 Elite Serjeant
34:11 Plate Mail Armor
33:26 Capped Ram
35:47 Blast Furnace
34:21 Siege Ram
35:45 Conscription
35:25 Halberdier
36:56 Caravan
37:02 Heavy Scorpion
39:42 Hauberk
40:06 Arson
40:06 Gambesons
39:42 Man-at-Arms
42:26 Ballistics
42:12 Siege Engineers
Wienot
10:55 Feudal Age
11:53 Double-Bit Axe
15:04 Castle Age
14:06 Horse Collar
16:55 Bow Saw
16:59 Heavy Plow
20:50 Stone Mining
22:35 Wheelbarrow
21:47 Loom
22:31 Gold Mining
22:31 Town Watch
22:44 Fletching
24:54 Bodkin Arrow
28:35 Imperial Age
27:12 Hand Cart
27:01 Padded Archer Armor
27:15 Thumb Ring
27:37 Elite Skirmisher
28:44 Ballistics
28:55 Leather Archer Armor
29:16 Fortified Wall
29:44 Conscription
30:25 Bracer
30:56 Ring Archer Armor
31:28 Chemistry
36:11 Elite Genoese Crossbowman
36:16 Light Cavalry
36:59 Husbandry
37:09 Bloodlines
37:06 Scale Barding Armor
37:11 Forging
38:08 Hussar
39:59 Two-Man Saw
43:34 Chain Barding Armor
43:49 Iron Casting
Placid Platypus
10:29 Feudal Age
11:43 Loom
14:27 Castle Age
12:51 Horse Collar
13:57 Double-Bit Axe
15:24 Bow Saw
16:53 Heavy Plow
19:48 Wheelbarrow
20:28 Gold Mining
20:45 Scale Barding Armor
22:10 Bloodlines
23:08 Hand Cart
23:50 Chain Barding Armor
25:14 Forging
28:52 Iron Casting
31:25 Imperial Age
31:41 Town Watch
32:46 Plate Barding Armor
31:33 Cavalier
33:25 Chemistry
32:37 Masonry
33:28 Coinage
33:09 Guilds
34:12 Blast Furnace
33:50 Crop Rotation
34:21 Two-Man Saw
33:44 Paladin
34:48 Scale Mail Armor
36:57 Chain Mail Armor
39:26 Conscription
39:29 Siege Engineers
40:31 Ironclad
40:25 Squires
40:58 Plate Mail Armor
40:46 Elite Teutonic Knight
43:43 Fletching
43:54 Padded Archer Armor
50232516
0:37 Loom
10:42 Feudal Age
15:18 Castle Age
17:21 Town Watch
17:27 Fletching
19:35 Bodkin Arrow
27:31 Wheelbarrow
30:24 Double-Bit Axe
35:38 Imperial Age
34:21 Horse Collar
37:02 Hand Cart
39:48 Conscription
40:06 Bracer
40:07 Padded Archer Armor
43:18 Heavy Rocket Cart
44:25 Leather Archer Armor
44:33 Rocketry
44:36 Ballistics
44:16 Gold Mining
44:16 Stone Mining
47:09 Ring Archer Armor
Connection lost

Rejoining the realm…

Still unreachable

The connection could not be restored.

Session expired

The server has moved on; the page needs a fresh start.